 Dungeon Crawl Stone Soup version 0.29.0-11-gd7f09526c8 (webtiles) character file.

Game seed: 6835158777632092629

7 gelatine the Magician (level 1, -1/16 HPs)
             Began as a Demonspawn Wanderer on Sept 3, 2022.
             Slain by a ball python (3 damage)
             ... on level 1 of the Dungeon.
             The game lasted 00:01:14 (289 turns).

gelatine the Magician (Demonspawn Wanderer)          Turns: 289, Time: 00:01:15

Health: -1/16      AC:  3    Str: 13    XL:     1   Next: 91%
Magic:  1/3        EV:  8    Int: 12    God:
Gold:   9          SH:  0    Dex: 12    Spells: 3/4 levels left

rFire   . . .      SeeInvis .   a - +3 short sword
rCold   . . .      Faith    .   (no shield)
rNeg    . . .      Spirit   .   c - +0 leather armour
rPois   .          Reflect  .   (no helmet)
rElec   .          Harm     .   (no cloak)
rCorr   .          Rampage  .   (no gloves)
Will    .....                   (no boots)
Stlth   +.........              (no amulet)
HPRegen 0.05/turn               (no ring)
MPRegen 0.08/turn               (no ring)

@: constricted
A: no striking features
a: no special abilities


You were on level 1 of the Dungeon.
You visited 1 branch of the dungeon, and saw 1 of its levels.

You collected 9 gold pieces.

Inventory:

Hand Weapons
 a - a +3 short sword (weapon)
Armour
 c - a +0 leather armour (worn)
Scrolls
 d - a scroll of immolation {unknown}
 e - 2 scrolls of teleportation {unknown}
Potions
 b - 2 potions of curing


   Skills:
 * Level 2.2 Fighting
 + Level 1.7 Short Blades
 * Level 1.0 Dodging
 + Level 1.0 Stealth
 + Level 2.3 Spellcasting
 + Level 1.0 Air Magic
 + Level 1.0 Evocations


You had 3 spell levels left.
You knew the following spells:

 Your Spells              Type           Power      Damage    Failure   Level
a - Shock                 Conj/Air       8%         1d3       26%         1

Your spell library contained the following spells:

 Spells                   Type           Power      Damage    Failure   Level
 Mephitic Cloud           Conj/Pois/Air  2%         N/A       65%         3


Dungeon Overview and Level Annotations

Branches:
Dungeon (1/15)

Altars:


Message History

The frilled lizard bites you but does no damage.
You are out of magic!
You are out of magic!
You are out of magic!
You escape the ball python's grasp.
The ball python bites you but does no damage.
The ball python barely misses you.
You are out of magic!
You miss the frilled lizard.
The frilled lizard is heavily wounded.
The ball python barely misses you. The ball python closely misses you.
The frilled lizard bites you.
The frilled lizard attacks as you move away!
The frilled lizard barely misses you.
The ball python attacks as you move away!
The ball python completely misses you. x2
The ball python attacks as you move away!
The ball python bites you. The ball python completely misses you.
The ball python grabs you. The ball python constricts you.
The ball python's grasp on you weakens, but your attempt to escape fails.
The ball python barely misses you. The ball python constricts you.
The frilled lizard bites you but does no damage.
The ball python's grasp on you weakens, but your attempt to escape fails.
The ball python bites you but does no damage.
The ball python constricts you. The frilled lizard bites you.
You escape the ball python's grasp.
The frilled lizard attacks as you move away!
The frilled lizard misses you.
The ball python attacks as you move away!
The ball python bites you. The ball python completely misses you.
There is a stone staircase leading down here.
The ball python attacks as you move away!
The ball python bites you but does no damage.
You hit the ball python but do no damage.
The ball python bites you.
* * * LOW HITPOINT WARNING * * *
The ball python grabs you. The ball python constricts you.
* * * LOW HITPOINT WARNING * * *
The ball python bites you.
You die...

##..........# ............###
........)...... ....!.#...#####
..... #...# .... #..r# ###
#...# #########
#...#####†......#
###lrS@.'.......#
########.......#
#.....##.......#
#.....##.#.......
##########.....##.#.###...
#..............##.#........
#.........................#
#...............>.........+
#.........................#####


You could see a quokka, a ball python and a frilled lizard.

Vanquished Creatures
  3 endoplasms (D:1)
  A goblin (D:1)
  A kobold (D:1)
  A rat (D:1)
6 creatures vanquished.

Notes
Turn   | Place    | Note
-------+----------+-------------------------------------------
     0 | D:1      | gelatine the Demonspawn Wanderer began the quest for the
                  | Orb.
     0 | D:1      | gelatine set off with the following items: a +3 short
                  | sword, a potion of curing, a +0 leather armour; and the
                  | following spell memorised: Shock; and the following spells
                  | available to memorise: Mephitic Cloud.
     0 | D:1      | Reached XP level 1. HP: 16/16 MP: 3/3
   289 | D:1      | Slain by a ball python

Illustrated notes

Levels and vault maps discovered:
D:1:      psy_arrival_conway, layout_basic

Action                   || total
-------------------------++-------
Melee: Short sword       ||    12
 Cast: Shock             ||    14
Armor: Leather armour    ||    10
Dodge: Dodged            ||    16
